 Dungeon Crawl Stone Soup version 0.30-a0-793-g160f7cfddd (webtiles) character file.

Game seed: 3389209403348278247

9 Esekla the Sneak (level 2, 0/21 HPs)
             Began as an Octopode Delver on Feb 19, 2023.
             Succumbed to a water moccasin's poison
             ... on level 5 of the Dungeon.
             The game lasted 00:01:11 (92 turns).

Esekla the Sneak (Octopode Delver)                    Turns: 92, Time: 00:01:12

Health: 0/21       AC:  1    Str: 11    XL:     2   Next: 12%
Magic:  2/2        EV: 13    Int: 12    God:
Gold:   0          SH:  0    Dex: 13    Spells: 1/1 levels left

rFire   . . .      SeeInvis .    a - +0 falchion
rCold   . . .      Faith    .    (no shield)
rNeg    . . .      Spirit   .    (helmet restricted)
rPois   .          Reflect  .    (no amulet)
rElec   .          Harm     .    (no ring)
rCorr   .          Rampage  .    (no ring)
Will    .....                    (no ring)
Stlth   ++++                     (no ring)
HPRegen 0.23/turn                (no ring)
MPRegen 0.08/turn                (no ring)
                                 (no ring)
                                 (no ring)

@: lethally poisoned (0 -> -18)
A: almost no armour, amphibious, 8 rings, camouflage 1, gelatinous body 1,
(nimble swimmer 1), tentacles
a: no special abilities


You were on level 5 of the Dungeon.
You visited 1 branch of the dungeon, and saw 1 of its levels.

Inventory:

Hand Weapons
 a - a +0 falchion (weapon)
Wands
 f - a wand of digging (3)
Scrolls
 b - a scroll of fog
 d - a scroll of identify {unknown}
Potions
 c - a potion of curing {unknown}
 e - a potion of haste


   Skills:
 * Level 3.1 Fighting
 * Level 2.1 Long Blades
 * Level 2.1 Dodging
 + Level 6.9 Stealth
 * Level 0.2 Spellcasting


You had one spell level left.
You didn't know any spells.
Your spell library was empty.

Dungeon Overview and Level Annotations

Branches:
Dungeon (5/15)
 Temple: D:4-7

Altars:

Shops:
D:5 (


Innate Abilities, Weirdness & Mutations

You cannot wear most types of armour.
You are amphibious.
You can wear up to eight rings at the same time.
Your skin changes colour to match your surroundings (Stealth+).
Your rubbery body absorbs attacks. (AC +1, EV +1)
((You are camouflaged when in or above water. (Stealth+)))
You have tentacles for arms and can constrict up to eight enemies at once.


Message History

You close the door.
A phantom comes into view.
Found a stone staircase leading down.
An adder comes into view.
Unknown command.
The helpless adder fails to defend itself.
You hit the adder but do no damage. Your grab misses the adder.
The adder barely misses you. The adder bites you.
You barely miss the adder. Your grab misses the adder.
Your squeeze misses the adder. The adder bites you.
You are poisoned.
The adder poisons you!
You barely miss the adder. You grab the adder. You constrict the adder.
You feel sick. The adder bites you. The adder completely misses you.
You barely miss the adder. You squeeze the adder.
The adder is heavily wounded.
You constrict the adder.
You feel sick. The adder closely misses you.
You barely miss the adder.
The adder is almost dead.
You constrict the adder.
You feel sick. The adder closely misses you. x2
You hit the adder.
You kill the adder!
You feel sick.
You are no longer poisoned.
You have reached level 2!
A necrophage comes into view.
You see here an adder corpse.
You see here a scroll labelled OJIEZA FI LAEP.
d - a scroll labelled OJIEZA FI LAEP You see here an adder corpse.
You hit the water moccasin. Your grab misses the water moccasin.
Your squeeze misses the water moccasin.
The water moccasin is lightly wounded.
The water moccasin bites you!
* * * LOW HITPOINT WARNING * * *
You are lethally poisoned!
The water moccasin poisons you!
You closely miss the water moccasin. Your grab misses the water moccasin.
The water moccasin is lightly wounded.
You die...

* *,,.....#.......+...[.+...,,***
*****+##.....######.....#..,.,,**
,,,,,..........#..+.......#..,,,,
***,,..........#.##..........,,,,
,,,,,.....#....#.##..........,,,,
****,.....#....#.##..........,,,,
,,,+,.....#....#.##.........#,,,,
,,**,...,,#.......+.........#,,,,
,,***##.,,#....#@##.†.......#,,,,
,,,,,,,,,,#....#.S..........#****
,,,,,,,,*,##.#.###...........,,,,
,,,,,,,,*,*#..........#>.....,,,*
,,,,,,,,*,,.........#.#......,,,*
,,,,,,,,**.....###.##.##...n.,,,*
,,,,,**,,W......,#.##.#*.....,,,*
,,,,,**,,,,,.,,,,#..,.#*,...,,,,*
,,,,,*,,,,,,,,,,,+..,,,,,,,,,,,**


You could see a water moccasin.

Vanquished Creatures
  An adder (D:5)
1 creature vanquished.

Notes
Turn   | Place    | Note
-------+----------+-------------------------------------------
     0 | D:5      | Esekla the Octopode Delver began the quest for the Orb.
     0 | D:5      | Reached XP level 1. HP: 16/16 MP: 1/1
     7 | D:5      | Found Qeimnel's Antique Weapon Emporium.
    32 | D:5      | Noticed an iguana
    44 | D:5      | Noticed an ogre
    57 | D:5      | Noticed a water moccasin
    71 | D:5      | Noticed a phantom
    83 | D:5      | Reached XP level 2. HP: 9/21 MP: 2/2
    83 | D:5      | Noticed a necrophage
    92 | D:5      | Succumbed to a water moccasin's poison

Illustrated notes

Levels and vault maps discovered:
D:5:      layout_basic, serial_shops, shop, nicolae_shop_trees,
          gammafunk_ghost_necromancy, minmay_misc_feat_x

Action                     || total
---------------------------++-------
  Melee: Falchion          ||     8
         Constrict         ||     1
         Tentacles         ||     1
    Use: Scroll            ||     2
   Stab: Sleeping          ||     1
  Dodge: Dodged            ||     6

Table legend: (Time is in decaauts)
 A = Elapsed time spent in this place.
 B = Non-inter-level travel time spent in this place.
 C = Inter-level travel time spent in this place.
 D = Time resting spent in this place.
 E = Time spent auto-exploring this place.
 F = Levels seen in this place.
 G = Mean time per level.
                   A        B        C        D        E       F      G
               +--------+--------+--------+--------+--------+-----+--------+
         Total |     93 |     93 |      0 |      0 |      0 |   1 |   93.0 |
       Dungeon |     93 |     93 |      0 |      0 |      0 |   1 |   93.0 |
               +--------+--------+--------+--------+--------+-----+--------+

Top non-repeatable levels by time:
     D:5: 93 daAuts
